[ AOE2 MATCH · #505450887 ]
UnrankedJurchens vs Saracens
Player's team · LOSS
[ REPLAY ANALYSIS · EXTRACTED FROM THE RECORDED GAME ]
Feudal
8:50
Castle
24:03
Imperial
38:41
| APM avg | 72.2 |
| APM peak | 117 |
| eAPM avg | 31.4 |
| Villagers / military | 213 / 214 |
Focus
⚔️ 38.7% · 🌾 61.3%
Skirmisher ×75 · Fire Lancer ×63 · Spearman ×36 · Cavalry Archer ×25 · Scout Cavalry ×8 · Trebuchet (Packed) ×4
Feudal
10:33
Castle
25:30
Imperial
43:31
| APM avg | 59.6 |
| APM peak | 103 |
| eAPM avg | 28.5 |
| Villagers / military | 210 / 226 |
Focus
⚔️ 47.4% · 🌾 52.6%
Mameluke ×85 · Archer ×68 · Camel Scout ×27 · Trebuchet (Packed) ×13 · Militia ×10 · Mangonel ×9
Match map
Initial resources + every placement click. Lines = walls · curves = elevation contours. ◆ gold · ⬟ stone · ● berries · ✦ relic · ◌ wall gap
Your base· ✓ Closed at 24:03 · 36t walls · 1 gate(s)
Gérard William Franz Emilio's base· ✓ Closed at 25:30 · 17t walls · 1 gate(s)
Smoothed initial terrain · ◌ = detected wall gap · hover for details
Inputs per minute
— squashy5000 - - Gérard William Franz Emilio
Build order — squashy5000
First 150 of 638 actions detected
| 0:00 | Create | Villager (Male) |
| 0:01 | Build | House |
| 0:02 | Build | House |
| 0:02 | Create | Villager (Male) |
| 0:17 | Create | Villager (Male) |
| 0:17 | Create | Villager (Male) |
| 1:24 | Create | Villager (Male) |
| 1:36 | Create | Villager (Male) |
| 1:49 | Build | Lumber Camp |
| 2:04 | Create | Villager (Male) |
| 2:30 | Create | Villager (Male) |
| 2:31 | Create | Villager (Male) |
| 3:14 | Create | Villager (Male) |
| 3:29 | Create | Villager (Male) |
| 3:54 | Create | Villager (Male) |
| 4:00 | Build | House |
| 4:05 | Build | Mill |
| 4:24 | Create | Villager (Male) |
| 4:44 | Create | Villager (Male) |
| 4:50 | Create | Villager (Male) |
| 5:02 | Create | Villager (Male) |
| 6:14 | Research | Loom |
| 6:17 | Create | Villager (Male) |
| 6:33 | Research | Feudal Age |
| 6:52 | Build | Lumber Camp |
| 7:45 | Build | Barracks |
| 8:06 | Create | Villager (Male) |
| 8:50 | Age | Feudal Age |
| 8:56 | Create | Villager (Male) |
| 9:06 | Create | Villager (Male) |
| 9:12 | Create | Villager (Male) |
| 9:27 | Build | Stable |
| 9:38 | Research | Double-Bit Axe |
| 9:44 | Build | House |
| 9:49 | Create | Villager (Male) |
| 10:03 | Create | Villager (Male) |
| 10:09 | Build | House |
| 10:10 | Build | Palisade Wall |
| 10:17 | Build | Palisade Wall |
| 10:19 | Create | Scout Cavalry |
| 10:19 | Create | Scout Cavalry |
| 10:25 | Create | Villager (Male) |
| 10:52 | Create | Scout Cavalry |
| 10:55 | Create | Villager (Male) |
| 10:59 | Create | Villager (Male) |
| 11:06 | Create | Villager (Male) |
| 11:19 | Create | Villager (Male) |
| 11:23 | Create | Villager (Male) |
| 11:44 | Build | Archery Range |
| 11:51 | Create | Villager (Male) |
| 12:02 | Create | Villager (Male) |
| 12:14 | Create | Scout Cavalry |
| 12:15 | Create | Villager (Male) |
| 12:30 | Build | House |
| 12:32 | Build | House |
| 12:35 | Build | House |
| 12:41 | Create | Scout Cavalry |
| 12:45 | Build | House |
| 12:47 | Create | Skirmisher |
| 12:47 | Create | Skirmisher |
| 12:52 | Create | Villager (Male) |
| 13:11 | Create | Villager (Male) |
| 13:20 | Build | Farm |
| 13:20 | Build | Farm |
| 13:20 | Build | Farm |
| 13:21 | Build | Farm |
| 13:21 | Build | Farm |
| 13:21 | Build | Farm |
| 13:21 | Build | Farm |
| 13:27 | Build | Farm |
| 13:31 | Create | Skirmisher |
| 13:33 | Create | Villager (Male) |
| 13:38 | Create | Villager (Male) |
| 13:43 | Create | Skirmisher |
| 14:12 | Create | Villager (Male) |
| 14:15 | Build | Farm |
| 14:17 | Build | Farm |
| 14:21 | Create | Villager (Male) |
| 14:33 | Build | Farm |
| 14:35 | Research | Horse Collar |
| 14:36 | Create | Villager (Male) |
| 14:42 | Create | Villager (Male) |
| 14:57 | Build | Farm |
| 15:00 | Create | Skirmisher |
| 15:01 | Create | Villager (Male) |
| 15:06 | Build | House |
| 15:11 | Build | House |
| 15:13 | Build | Palisade Wall |
| 15:19 | Build | Palisade Wall |
| 15:24 | Build | Farm |
| 15:25 | Build | Farm |
| 15:28 | Create | Villager (Male) |
| 15:30 | Build | House |
| 15:31 | Build | Palisade Wall |
| 15:34 | Create | Skirmisher |
| 15:39 | Create | Villager (Male) |
| 15:48 | Create | Skirmisher |
| 15:56 | Create | Villager (Male) |
| 16:11 | Build | Blacksmith |
| 16:19 | Create | Villager (Male) |
| 16:26 | Create | Villager (Male) |
| 16:49 | Create | Villager (Male) |
| 16:58 | Research | Fletching |
| 17:02 | Create | Villager (Male) |
| 17:07 | Build | House |
| 17:11 | Build | Palisade Wall |
| 17:13 | Create | Villager (Male) |
| 17:21 | Build | Lumber Camp |
| 17:26 | Create | Skirmisher |
| 17:35 | Research | Padded Archer Armor |
| 17:42 | Build | Market |
| 17:48 | Build | Palisade Gate |
| 17:51 | Create | Villager (Male) |
| 17:58 | Create | Skirmisher |
| 18:16 | Create | Scout Cavalry |
| 18:18 | Create | Scout Cavalry |
| 18:21 | Build | Farm |
| 18:21 | Build | Farm |
| 18:21 | Build | Farm |
| 18:22 | Build | Farm |
| 18:53 | Create | Villager (Male) |
| 19:11 | Build | Archery Range |
| 19:15 | Build | Farm |
| 19:17 | Build | House |
| 19:21 | Build | Mining Camp |
| 19:35 | Build | Palisade Wall |
| 19:43 | Create | Skirmisher |
| 20:00 | Build | House |
| 20:02 | Build | House |
| 20:11 | Create | Villager (Male) |
| 20:13 | Create | Skirmisher |
| 20:14 | Create | Skirmisher |
| 20:26 | Build | House |
| 20:29 | Create | Skirmisher |
| 20:31 | Create | Scout Cavalry |
| 20:33 | Build | Farm |
| 20:33 | Build | Farm |
| 20:41 | Build | House |
| 21:00 | Create | Villager (Male) |
| 21:02 | Build | House |
| 21:23 | Research | Castle Age |
| 21:31 | Build | House |
| 21:38 | Build | House |
| 21:40 | Build | House |
| 21:54 | Build | Watch Tower |
| 22:11 | Build | House |
| 22:14 | Create | Villager (Male) |
| 22:21 | Create | Villager (Male) |
| 22:39 | Create | Skirmisher |
| 22:39 | Create | Skirmisher |
Build order — Gérard William Franz Emilio
First 150 of 561 actions detected
| 0:00 | Create | Villager (Male) ×4 |
| 0:00 | Create | Villager (Male) ×4 |
| 0:00 | Create | Villager (Male) |
| 0:02 | Build | House |
| 0:03 | Build | House |
| 1:28 | Create | Villager (Male) |
| 1:28 | Create | Villager (Male) |
| 1:28 | Create | Villager (Male) |
| 1:45 | Build | Lumber Camp |
| 1:59 | Create | Villager (Male) |
| 1:59 | Create | Villager (Male) |
| 1:59 | Create | Villager (Male) |
| 1:59 | Create | Villager (Male) |
| 1:59 | Create | Villager (Male) |
| 2:14 | Create | Villager (Male) |
| 2:14 | Create | Villager (Male) |
| 2:44 | Create | Villager (Male) |
| 2:44 | Create | Villager (Male) |
| 3:04 | Create | Villager (Male) |
| 3:05 | Create | Villager (Male) |
| 3:05 | Create | Villager (Male) |
| 3:38 | Create | Villager (Male) |
| 3:38 | Create | Villager (Male) |
| 3:38 | Create | Villager (Male) |
| 3:38 | Create | Villager (Male) |
| 3:47 | Build | House |
| 3:53 | Create | Villager (Male) |
| 4:06 | Build | House |
| 4:27 | Create | Villager (Male) |
| 4:27 | Create | Villager (Male) |
| 4:27 | Create | Villager (Male) |
| 4:27 | Create | Villager (Male) |
| 4:27 | Create | Villager (Male) |
| 4:44 | Build | Barracks |
| 4:59 | Create | Villager (Male) |
| 5:00 | Create | Villager (Male) |
| 5:00 | Create | Villager (Male) |
| 5:00 | Create | Villager (Male) |
| 5:00 | Create | Villager (Male) |
| 5:12 | Build | House |
| 5:34 | Create | Villager (Male) ×2 |
| 5:35 | Create | Villager (Male) |
| 5:46 | Create | Militia |
| 5:46 | Create | Militia |
| 5:46 | Create | Militia |
| 5:46 | Create | Militia |
| 5:46 | Create | Militia |
| 6:14 | Create | Militia |
| 6:14 | Create | Militia |
| 6:14 | Create | Militia |
| 6:14 | Create | Militia |
| 6:16 | Build | Mill |
| 6:22 | Create | Villager (Male) |
| 6:29 | Create | Militia |
| 6:51 | Create | Villager (Male) |
| 7:12 | Create | Villager (Male) |
| 7:19 | Research | Loom |
| 7:58 | Build | Mining Camp |
| 8:23 | Research | Feudal Age |
| 8:23 | Research | Feudal Age |
| 8:23 | Research | Feudal Age |
| 8:23 | Research | Feudal Age |
| 8:23 | Research | Feudal Age |
| 9:09 | Build | Lumber Camp |
| 9:38 | Create | Villager (Male) |
| 10:33 | Age | Feudal Age |
| 10:34 | Build | Archery Range |
| 10:36 | Research | Double-Bit Axe |
| 10:37 | Create | Villager (Male) |
| 11:02 | Create | Villager (Male) |
| 11:05 | Build | Archery Range |
| 11:22 | Create | Archer |
| 11:25 | Create | Spearman |
| 11:33 | Create | Villager (Male) |
| 11:44 | Create | Villager (Male) |
| 11:48 | Create | Archer |
| 11:51 | Research | Horse Collar |
| 12:05 | Create | Villager (Male) |
| 12:09 | Create | Archer |
| 12:12 | Build | Farm |
| 12:14 | Build | Farm |
| 12:15 | Build | Farm |
| 12:20 | Build | House |
| 12:30 | Build | Farm |
| 12:43 | Build | Palisade Gate |
| 12:50 | Create | Villager (Male) |
| 13:00 | Create | Spearman |
| 13:01 | Build | Palisade Wall |
| 13:09 | Create | Archer |
| 13:09 | Create | Archer |
| 13:09 | Create | Archer |
| 13:12 | Build | Palisade Wall |
| 13:15 | Create | Archer |
| 13:25 | Create | Archer |
| 13:25 | Create | Archer |
| 13:25 | Create | Archer |
| 13:35 | Build | Farm |
| 13:36 | Create | Villager (Male) ×2 |
| 13:36 | Create | Villager (Male) ×2 |
| 13:47 | Build | House |
| 13:55 | Create | Villager (Male) |
| 13:55 | Create | Villager (Male) |
| 13:59 | Create | Archer |
| 14:02 | Create | Villager (Male) |
| 14:02 | Create | Villager (Male) |
| 14:10 | Build | Farm |
| 14:53 | Create | Archer |
| 14:54 | Create | Villager (Male) ×4 |
| 14:55 | Build | Blacksmith |
| 15:00 | Build | House |
| 15:02 | Create | Villager (Male) |
| 15:03 | Create | Archer |
| 15:03 | Create | Archer |
| 15:03 | Create | Archer |
| 15:03 | Create | Archer |
| 15:16 | Build | Farm |
| 15:26 | Build | Palisade Wall |
| 15:31 | Build | House |
| 15:32 | Build | Palisade Wall |
| 15:35 | Create | Archer |
| 15:35 | Create | Archer |
| 15:38 | Create | Villager (Male) |
| 15:54 | Research | Fletching |
| 15:54 | Research | Fletching |
| 15:54 | Research | Fletching |
| 15:54 | Research | Fletching |
| 15:54 | Research | Fletching |
| 16:04 | Build | House |
| 16:14 | Create | Villager (Male) ×2 |
| 16:25 | Build | House |
| 16:52 | Create | Archer ×2 |
| 16:55 | Create | Archer |
| 17:06 | Build | Stable |
| 17:11 | Build | House |
| 17:17 | Create | Villager (Male) |
| 17:19 | Build | Farm |
| 17:32 | Build | Farm |
| 17:37 | Create | Scout Cavalry |
| 17:37 | Create | Scout Cavalry |
| 17:39 | Build | House |
| 17:44 | Create | Archer |
| 17:44 | Create | Archer |
| 17:51 | Create | Archer |
| 18:00 | Research | Forging |
| 18:02 | Build | House |
| 18:03 | Create | Archer |
| 18:13 | Create | Villager (Male) |
| 18:16 | Create | Archer |
| 18:25 | Create | Scout Cavalry |
| 18:56 | Create | Archer ×3 |
Match timeline
| 4:44 | Gérard William Franz Emilio · first_building Barracks |
| 7:45 | squashy5000 · first_building Barracks |
| 8:50 | squashy5000 · age_up feudal |
| 9:27 | squashy5000 · first_building Stable |
| 10:10 | squashy5000 · wall_segment Palisade Wall x1 |
| 10:17 | squashy5000 · wall_segment Palisade Wall x1 |
| 10:33 | Gérard William Franz Emilio · age_up feudal |
| 10:34 | Gérard William Franz Emilio · first_building Archery Range |
| 11:44 | squashy5000 · first_building Archery Range |
| 13:01 | Gérard William Franz Emilio · wall_segment Palisade Wall x1 |
| 13:12 | Gérard William Franz Emilio · wall_segment Palisade Wall x1 |
| 15:13 | squashy5000 · wall_segment Palisade Wall x8 |
| 15:19 | squashy5000 · wall_segment Palisade Wall x6 |
| 15:26 | Gérard William Franz Emilio · wall_segment Palisade Wall x8 |
| 15:31 | squashy5000 · wall_segment Palisade Wall x4 |
| 15:32 | Gérard William Franz Emilio · wall_segment Palisade Wall x5 |
| 17:06 | Gérard William Franz Emilio · first_building Stable |
| 17:11 | squashy5000 · wall_segment Palisade Wall x15 |
| 19:05 | Gérard William Franz Emilio · wall_segment Palisade Wall x1 |
| 19:33 | Gérard William Franz Emilio · wall_segment Palisade Wall x1 |
| 19:35 | squashy5000 · wall_segment Palisade Wall x1 |
| 21:06 | squashy5000 · first_market_sell 500 wood |
| 21:06 | squashy5000 · first_market_buy 100 food |
| 22:31 | Gérard William Franz Emilio · first_market_sell 500 wood |
| 22:31 | Gérard William Franz Emilio · first_market_buy 100 food |
| 24:03 | squashy5000 · age_up castle |
| 25:30 | Gérard William Franz Emilio · age_up castle |
| 27:55 | squashy5000 · first_building Monastery |
| 28:44 | Gérard William Franz Emilio · first_building Monastery |
| 35:37 | Gérard William Franz Emilio · first_building Castle |
| 36:34 | Gérard William Franz Emilio · first_building Siege Workshop |
| 36:53 | squashy5000 · first_building Castle |
| 38:41 | squashy5000 · age_up imperial |
| 43:31 | Gérard William Franz Emilio · age_up imperial |
| 54:41 | squashy5000 · resign |
[ AI ANALYSIS · 1 CREDIT ]
What really happened in this match?
Wolo.gg analyzes every decision: build order, eco, micro, common mistakes by bracket. Personalized analysis on WhatsApp or Discord in 30 seconds.
Civ guide
Jurchens
Perfil
Jugador #2194634